 Dungeon Crawl Stone Soup version 0.31.0-32-g396128a36d (webtiles) character file.

Game seed: 423667494996106405

1576099 raph the Conqueror (level 27, 263/263 (273) HPs)
             Began as a Hill Orc Fighter on Apr 15, 2024.
             Was the Champion of Zin.
             Escaped with the Orb
             ... and 3 runes on Apr 16, 2024!
             The game lasted 02:20:17 (78892 turns).

raph the Conqueror (Hill Orc Fighter)              Turns: 78892, Time: 02:20:17

HP:   263/263 (273) AC: 39    Str: 25    XL:     27
MP:   39/39         EV: 25    Int:  8    God:    Zin [******]
Gold: 1570          SH: 31    Dex: 29    Spells: 26/26 levels left

rFire   + . .        a - +9 broad axe (flame)
rCold   . . .        f - +5 kite shield
rNeg    . . .        X - +4 plate armour "Xuduoroloh" {+Blink rF+ rCorr}
rPois   .            t - +5 helmet "Iloon" {Dex+3 Slay+3}
rElec   .            L - +2 cloak
rCorr   +            j - +0 pair of fencer's gloves {Riposte Dex+3}
SInv    .            U - +2 pair of boots
Will    +++..        N - brooch of Shielding {Spirit SH+8} Stlth
                     e - +5 ring of evasion
HPRegen 0.63/turn    H - ring of Symmetry {Will+ Dex+5}
MPRegen 0.26/turn

%: guardian spirit
@: lightly drained
A: no striking features
0: Orb of Zot
}: 3/15 runes: barnacled, abyssal, gossamer
a: Renounce Religion, Evoke Blink, Recite, Vitalisation, Imprison, Sanctuary,
Donate Gold


You escaped.
You worshipped Zin.
Zin was exalted by your worship.
You visited 10 branches of the dungeon, and saw 47 of its levels.
You visited the Abyss 4 times.
You visited 2 bazaars.
You also visited: Trove and Sewer.

You collected 7430 gold pieces.
You spent 5551 gold pieces at shops.
You donated 309 gold pieces to Zin.

Inventory:

Hand Weapons
 a - a +9 broad axe of flaming (weapon)
 b - a +2 broad axe of venom
Missiles
 i - 42 boomerangs (quivered)
 I - 4 throwing nets
 K - 19 curare-tipped darts
Armour
 f - a +5 kite shield (worn)
 j - the +0 pair of fencer's gloves (worn) {Riposte Dex+3}
   (You acquired it on level 12 of the Dungeon)

   Riposte:   It allows the wearer to riposte with melee weapons, swiftly
   retaliating against missed or blocked melee attacks.
   Dex+3:     It affects your dexterity (+3).
 t - the +5 helmet "Iloon" (worn) {Dex+3 Slay+3}
   (You bought it in a shop on level 2 of the Shoals)

   Dex+3:     It affects your dexterity (+3).
   Slay+3:    It affects your accuracy & damage with ranged weapons and melee
   (+3).
 L - a +2 cloak (worn)
 R - the +2 pair of gloves of Xom's Displeasure {rElec rN++}
   (You found it on level 4 of the Spider Nest)

   rElec:     It insulates you from electricity.
   rN++:      It greatly protects you from negative energy.
 U - a +2 pair of boots (worn)
 X - the +4 plate armour "Xuduoroloh" (worn) {+Blink rF+ rCorr}
   (You found it on level 4 of the Lair of Beasts)

   rF+:       It protects you from fire.
   +Blink:    It lets you blink.
   rCorr:     It protects you from acid and corrosion.
Jewellery
 e - a +5 ring of evasion (left hand)
 o - a ring of see invisible
 y - an amulet of reflection
 D - a ring of flight
 H - the ring of Symmetry (right hand) {Will+ Dex+5}
   (You found it on level 4 of the Shoals)

   [ring of willpower]

   Dex+5:     It affects your dexterity (+5).
   Will+:     It increases your willpower.
 M - a ring of protection from cold
 N - the brooch of Shielding (around neck) {Spirit SH+8}
   (You found it on level 11 of the Dungeon)

   [amulet of guardian spirit]

   Spirit:    It causes incoming damage to be divided between your reserves of
   health and magic.
   SH+8:      It affects your SH (+8).
Wands
 A - a wand of mindburst (40)
 E - a wand of paralysis (41)
 F - a wand of flame (71)
 G - a wand of quicksilver (41)
 V - a wand of roots (23)
 Z - a wand of digging (6)
Scrolls
 c - 7 scrolls of blinking
 h - 11 scrolls of immolation
 k - 5 scrolls of teleportation
 m - 7 scrolls of fog
 p - 4 scrolls of vulnerability
 u - 9 scrolls of fear
 v - a scroll of silence
 x - a scroll of revelation
 S - 10 scrolls of poison
Potions
 d - 5 potions of might
 g - 17 potions of curing
 l - 12 potions of mutation
 n - 11 potions of brilliance
 q - 8 potions of enlightenment
 r - 4 potions of resistance
 s - 4 potions of cancellation
 z - 5 potions of invisibility
 B - 6 potions of magic
 J - 5 potions of heal wounds
 O - 6 potions of ambrosia
 Q - 3 potions of berserk rage
Miscellaneous
 w - a lightning rod (4/4)
 T - a phial of floods
 W - a tin of tremorstones (2/2)
 Y - a sack of spiders


   Skills:
 O Level 27 Fighting
 + Level 22.0 Axes
 + Level 17.9 Throwing
 + Level 19.9 Armour
 + Level 15.4 Dodging
 + Level 18.4 Shields
 + Level 24.9 Invocations
 + Level 17.9 Evocations


You had 26 spell levels left.
You didn't know any spells.
Your spell library contained the following spells:

 Spells                   Type           Power      Damage    Failure   Level
 Foxfire                  Conj/Fire      0%         2x1d4     97%         1
 Freeze                   Ice            0%         1d3       97%         1
 Kiss of Death            Conj/Necr      0%         2d5       97%         1
 Magic Dart               Conj           0%         1d3       97%         1
 Slow                     Hex            0%         N/A       97%         1
 Blink                    Tloc           0%         N/A       99%         2
 Call Imp                 Summ           0%         N/A       99%         2
 Cigotuvi's Dreadful Rot  Necr/Alch/Air  0%         N/A       99%         2
 Scorch                   Fire           0%         2d5       99%         2
 Static Discharge         Conj/Air       0%         3-3/arc   99%         2
 Sublimation of Blood     Necr           0%         N/A       99%         2
 Call Canine Familiar     Summ           0%         N/A       100%        3
 Confusing Touch          Hex            0%         N/A       100%        3
 Dazzling Flash           Conj/Hex       0%         N/A       100%        3
 Frozen Ramparts          Ice            0%         1d1       100%        3
 Fugue of the Fallen      Necr           0%         N/A       100%        3
 Gell's Gravitas          Tloc           0%         N/A       100%        3
 Hailstorm                Conj/Ice       0%         3d5       100%        3
 Mephitic Cloud           Conj/Alch/Air  0%         N/A       100%        3
 Ozocubu's Armour         Ice            0%         N/A       100%        3
 Sigil of Binding         Hex            0%         N/A       100%        3
 Stone Arrow              Conj/Erth      0%         3d7       100%        3
 Summon Ice Beast         Ice/Summ       0%         N/A       100%        3
 Teleport Other           Tloc           0%         N/A       100%        3
 Tukima's Dance           Hex            0%         N/A       100%        3
 Vampiric Draining        Necr           0%         2d6       100%        3
 Airstrike                Air            0%         2d(0-16)  100%        4
 Animate Armour           Summ/Erth      0%         N/A       100%        4
 Brom's Barrelling Bould  Conj/Erth      0%         2d3       100%        4
 Cause Fear               Hex            0%         N/A       100%        4
 Dimensional Bullseye     Hex/Tloc       0%         N/A       100%        4
 Dispel Undead            Necr           0%         3d6       100%        4
 Flame Wave               Conj/Fire      0%         2d4       100%        4
 Ignite Poison            Fire/Alch      0%         N/A       100%        4
 Iskenderun's Mystic Bla  Conj/Tloc      0%         2d3       100%        4
 Leda's Liquefaction      Alch/Erth      0%         N/A       100%        4
 Manifold Assault         Tloc           0%         N/A       100%        4
 Olgreb's Toxic Radiance  Alch           0%         N/A       100%        4
 Passage of Golubria      Tloc           0%         N/A       100%        4
 Summon Blazeheart Golem  Fire/Summ      0%         N/A       100%        4
 Summon Lightning Spire   Summ/Air       0%         N/A       100%        4
 Arcjolt                  Conj/Air       0%         1d10      100%        5
 Curse of Agony           Necr           0%         N/A       100%        5
 Fireball                 Conj/Fire      0%         3d3       100%        5
 Freezing Cloud           Conj/Ice/Air   0%         6-21      100%        5
 Iskenderun's Battlesphe  Conj           0%         2d6       100%        5
 Lee's Rapid Deconstruct  Erth           0%         3d4*      100%        5
 Metabolic Englaciation   Hex/Ice        0%         N/A       100%        5
 Silence                  Hex/Air        0%         N/A       100%        5
 Summon Forest            Summ/Tloc      0%         N/A       100%        5
 Summon Mana Viper        Hex/Summ       0%         N/A       100%        5
 Yara's Violent Unravell  Hex/Alch       0%         3d3       100%        5
 Bombard                  Conj/Erth      0%         9d1       100%        6
 Conjure Ball Lightning   Conj/Air       0%         3x3d6     100%        6
 Dispersal                Tloc           0%         N/A       100%        6
 Plasma Beam              Fire/Air       0%         2x1d10    100%        6
 Sculpt Simulacrum        Ice/Alch       0%         N/A       100%        6
 Starburst                Conj/Fire      0%         6d3       100%        6
 Summon Cactus Giant      Summ           0%         N/A       100%        6
 Monstrous Menagerie      Summ           0%         N/A       100%        7
 Orb of Destruction       Conj           0%         9d5       100%        7
 Ozocubu's Refrigeration  Ice            0%         4d7       100%        7
 Spellforged Servitor     Conj/Summ      0%         N/A       100%        7
 Summon Hydra             Summ           0%         N/A       100%        7
 Discord                  Hex            0%         N/A       100%        8
 Disjunction              Tloc           0%         N/A       100%        8
 Infestation              Necr           0%         N/A       100%        8
 Lehudib's Crystal Spear  Conj/Erth      0%         10d2      100%        8
 Dragon's Call            Summ           0%         N/A       100%        9
 Polar Vortex             Ice            0%         N/A       100%        9


Dungeon Overview and Level Annotations

Branches:
Dungeon (15/15)            Temple (1/1) D:4            Lair (5/5) D:11
 Shoals (4/4) Lair:2       Spider (4/4) Lair:3        Slime (0/5) Lair:4
    Orc (2/2) D:10            Elf (3/3) Orc:2        Vaults (4/5) D:14
  Crypt (0/3) Vaults:3     Depths (4/4) D:15            Zot (5/5) Depths:4
  Sewer (visited)

Altars:
Ashenzari
Cheibriados
Dithmenos
Elyvilon
Fedhas
Gozag
Hepliaklqana
Kikubaaqudgha
Makhleb
Nemelex Xobeh
Okawaru
Qazlal
Ru
Sif Muna
Trog
Uskayaw
Vehumet
Wu Jian
Xom
Yredelemnul
Zin
The Shining One
Beogh

Shops:
D:3 (   D:4 ?   D:7 !   D:10 *(   D:12 *   Orc:2 [*(=   Elf:2 ?   Shoals:2 *
Depths:1 (!*   Depths:4 (

Portals:
Hell: Depths:1 Depths:2 Depths:3 Depths:4
Abyss: Depths:3 Depths:4
Pandemonium: Depths:2 Depths:4
Ziggurat: Depths:4

Annotations:
D:14 3 transporters
Shoals:3 exclusion: door
Spider:3 exclusion: 2 downstairs
Spider:4 Bai Suzhen
Zot:4 exclusion: 2 upstairs


Message History

This square is covered in magical glow.
The rock shatters into small pieces.
There is a stone staircase leading up here.
You climb upwards.
There is a stone staircase leading down here.
Aiming: Dig
Press: ? - help, Shift-Dir - straight line A rock wall.
This square is covered in magical glow.
The rock shatters into small pieces.
There is a stone staircase leading up here.
You climb upwards.
There is a stone staircase leading down here.
There is a stone staircase leading up here.
You climb upwards.
There is a stone staircase leading down here.
A demonspawn warmonger comes into view.
It is wielding a +0 demon trident of electrocution and wearing a +3 plate armour of cold resistance.
You see here a +0 scale mail.
There is an open door here.
You close the door.
A demonspawn black sun comes into view.
It is wielding a +1 demon whip of draining.
Something unseen opens the door.
You see here a +0 robe.
A hell beast comes into view.
You see here a +0 robe.
The hell beast moves out of view.
Aiming: Dig
Press: ? - help, Shift-Dir - straight line A rock wall.
This square is covered in magical glow.
The rock shatters into small pieces.
There is a stone staircase leading up here.
You climb upwards.
There is a stone staircase leading down here.
You see here 6 stones.
There is an open door here.
You open the door.
There is an open door here.
There is a staircase leading out of the dungeon here.
You have escaped!

.##........#.#.................#
##########.#.###################
##.#........# ##....######.#
###### #............# .....#
#.############### .....#
#.#.............# .....#
#.#.............# .....#
#.#......@......# .....#
#.#.............# .....#
#.#.............#
.....###.######.#.######
..........## #...# ...........#
#.#.# .........#.# #...#
.........#.# #.#.# ##########.#
#...#


There were no monsters in sight!

Vanquished Creatures
  2 dread liches
  6 ancient liches
  Mennas (Depths:3)
  3 orbs of fire
  Boris (thrice) (Vaults:1 Vaults:4 Depths:2)
  Josephina (Depths:4)
  The ghost of lmSkywalker the Warrior, an adept DrSh of Okawaru (Depths:4)
  3 curse toes
  7 Killer Klowns
  5 golden dragons
  2 profane servitors
  5 bone dragons
  3 Tzitzimimeh
  4 electric golems
  Rupert (D:15)
  2 Hell Sentinels
  Jorgrun (D:13)
  14 tentacled monstrosities
  8 liches
  Zenata (Vaults:1)
  20 Orb Guardians
  2 deep elf blademasters (Elf:3)
  2 titans
  3 acid blobs
  3 quicksilver dragons
  2 deep elf master archers (Elf:3)
  4 sphinxes
  A walking divine tome (Depths:3)
  13 death cobs
  Polyphemus (Shoals:3)
  An ancient champion (Depths:4)
  An Executioner (Depths:2)
  Agnes (Elf:1)
  3 krakens
  19 tentacled starspawn
  2 tengu reavers
  Roxanne (D:15)
  Aizul (Elf:1)
  12 storm dragons
  Gastronok (Lair:3)
  9 shadow dragons
  A protean progenitor (Zot:1)
  9 draconian monks
  3 fire giants
  3 draconian knights
  8 draconian scorchers
  Louise (Elf:2)
  3 frost giants
  5 deep elf sorcerers
  A balrug (Abyss:4)
  2 emperor scorpions (Spider:4)
  7 draconian shifters
  8 vault wardens
  6 ghost moths
  2 juggernaut zombies
  An angel (Abyss:4)
  A shard shrike simulacrum (Abyss:4)
  3 deep elf elementalists (Elf:3)
  An orc warlord (Orc:2)
  A spectral caustic shrike (Depths:2)
  13 draconian stormcallers
  6 draconian annihilators
  3 reapers (Depths:2)
  A cacodemon (Zot:1)
  8 very ugly things
  2 spriggan defenders
  7 stone giants
  11 ironbound preservers
  17 ironbound thunderhulks
  A formless jellyfish (Vaults:1)
  A juggernaut skeleton (Depths:2)
  7 green draconians
  10 deep elf demonologists
  A caustic shrike skeleton (Depths:3)
  8 deep elf death magi
  5 war gargoyles
  8 deep elf annihilators (Elf:3)
  19 black draconians
  14 red draconians
  8 purple draconians
  27 yellow draconians
  8 spark wasps
  20 dire elephants
  6 white draconians
  6 jiangshi
  An eidolon (Abyss:4)
  14 ettins
  5 merfolk javelineers
  2 blizzard demons
  A crystal guardian (Vaults:2)
  An entropy weaver (shapeshifter) (Abyss:4)
  2 spectral golden dragons (Depths:2)
  7 fire dragons
  3 rakshasas
  5 entropy weavers
  6 merfolk impalers
  A vault guard (Vaults:2)
  2 yaktaur captains
  A quicksilver dragon skeleton (Depths:2)
  7 great orbs of eyes
  12 ice dragons
  7 hydras
  A spriggan zombie (Depths:2)
  2 sphinx zombies
  3 catoblepae
  5 spriggan air magi
  12 ironbound frosthearts
  2 juggernaut simulacra (Depths:4)
  Erica (D:9)
  3 peacekeepers
  13 centaur warriors
  A radroach (Spider:1)
  An alligator snapping turtle (Shoals:4)
  5 satyrs
  27 dancing weapons
  3 merfolk aquamancers
  5 vampire magi
  9 boulder beetles
  7 two-headed ogres
  3 naga warriors (Abyss:4)
  9 deep troll shamans
  A spectral frost giant (Depths:2)
  A sphinx skeleton (Depths:2)
  A spriggan skeleton (Depths:3)
  3 death yaks (Shoals:3)
  5 death scarabs (Spider:4)
  A spriggan berserker (Depths:4)
  Sonja (Lair:4)
  A hell hog (Depths:1)
  4 tengu warriors
  7 deep troll earth magi
  10 demonic crawlers
  An occultist (Abyss:4)
  A shock serpent (shapeshifter) (Depths:4)
  12 sun demons
  3 orc high priests (Orc:2)
  17 deep elf knights
  6 hell knights (Depths:2)
  23 thrashing horrors
  A storm dragon zombie (Depths:2)
  Urug (D:13)
  5 skysharks
  A titan skeleton (Depths:2)
  Nergalle (Lair:1)
  8 pharaoh ants
  2 sixfirhies
  2 shadow wraiths
  5 skeletal warriors (D:12)
  A spatial maelstrom (Abyss:2)
  2 soul eaters
  21 wretched stars
  9 iron trolls
  A mana viper (Abyss:4)
  14 sea snakes
  A sun moth (Spider:3)
  3 shadow demons
  A spark wasp zombie (Depths:3)
  47 deep trolls
  5 orb spiders
  5 flayed ghosts
  An anaconda zombie (Abyss:2)
  7 arcanists
  A golden dragon skeleton (Depths:2)
  2 spectral wolf spiders (Spider:4)
  A spectral jorogumo (Spider:4)
  6 steelbarb worms
  7 glowing orange brains
  10 orc knights
  32 harpies
  10 ironbound convokers
  5 deep elf archers
  A spectral iron dragon (Depths:2)
  21 deep elf pyromancers
  22 deep elf zephyrmancers
  A phantasmal warrior (Abyss:4)
  6 lindwurms
  2 shadow dragon zombies (Depths:2)
  An anaconda skeleton (Abyss:2)
  7 necromancers
  3 shining eyes (Depths:1)
  27 fauns
  A harpy (shapeshifter) (D:14)
  19 wolf spiders
  6 orc sorcerers
  2 iron dragon zombies (Depths:2)
  13 manticores
  4 oklob plants (Zot:1)
  2 shadow dragon skeletons (Depths:2)
  36 ugly things
  A salamander (Abyss:4)
  14 cyclopes
  A tengu skeleton (Depths:2)
  2 wolf spider zombies (Spider:4)
  An elf skeleton (Vaults:2)
  An iron dragon skeleton (Depths:2)
  Maurice (D:9)
  37 large abominations
  3 worldbinders (Abyss:4)
  24 moths of wrath
  3 meliai (Spider:1)
  A rust devil (Depths:2)
  10 merfolk sirens
  10 black mambas
  6 water nymphs
  3 guardian serpents
  8 smoke demons
  11 vault sentinels
  2 apocalypse crabs
  A water nymph (shapeshifter) (Vaults:4)
  10 cane toads
  An orange demon (Abyss:2)
  9 torpor snails
  A kobold demonologist (D:13)
  A cane toad (shapeshifter) (D:11)
  2 hellions
  3 gargoyles
  4 unseen horrors
  Jeremiah (D:8)
  8 komodo dragons
  A yaktaur skeleton (Vaults:2)
  2 redback zombies (Spider:4)
  2 rime drakes (Lair:3)
  7 tengu conjurers
  4 efreet
  2 golden dragon simulacra (Depths:2)
  2 freezing wraiths
  3 spectral redbacks (Spider:4)
  17 yaktaurs
  A spark wasp simulacrum (Depths:3)
  5 tormentors
  A queen bee (Spider:1)
  An ice devil (Depths:2)
  8 ancient zymes
  A spectral glowing shapeshifter (Depths:2)
  A troll (shapeshifter) (D:15)
  2 hellwings
  35 merfolk
  A tengu simulacrum (Vaults:2)
  9 polar bears
  9 trolls
  A hydra zombie (Abyss:4)
  3 spectral jumping spiders (Spider:4)
  A tarantella (shapeshifter) (D:15)
  18 tarantellas
  24 blink frogs
  An iron dragon simulacrum (Depths:4)
  A wolf spider simulacrum (D:15)
  7 hornets
  A harpy skeleton (Abyss:4)
  7 wind drakes
  2 glass eyes (Depths:3)
  23 raiju (Abyss:4)
  An ettin zombie (Vaults:2)
  14 snapping turtles
  A fire giant simulacrum (Depths:2)
  3 air elementals
  15 dream sheep
  18 culicivoras
  3 culicivora zombies (Spider:4)
  21 jumping spiders
  19 water elementals
  35 slime creatures
  2 spriggans (Depths:4)
  2 shadows
  9 ynoxinuls
  A spriggan (shapeshifter) (D:15)
  10 wyverns
  3 vampires
  7 wraiths
  74 yaks
  10 fire bats
  A steam dragon (D:8)
  2 wargs (Orc:1)
  9 basilisks
  A fire elemental (Elf:2)
  2 golden eyes (Abyss:4)
  10 neqoxecs
  2 spatial vortices (Abyss:4)
  51 redbacks
  4 vampire mosquitoes
  A glowing shapeshifter zombie (Depths:2)
  6 chaos spawn
  An acid dragon (D:11)
  Menkaure (D:5)
  29 water moccasins
  2 nagas (Abyss:4)
  6 hell hounds
  2 glowing shapeshifter skeletons (Depths:2)
  41 orc warriors
  2 sky beasts
  3 ice beasts
  8 black bears
  17 laughing skulls
  3 ogres
  A tengu (shapeshifter) (Abyss:3)
  28 wolves
  13 centaurs
  4 phantoms
  53 starcursed masses
  5 brain worms
  4 weeping skulls
  6 kobold brigands
  14 bullfrogs
  An earth elemental (Abyss:2)
  A gnoll sergeant (D:11)
  27 small abominations
  6 scorpions
  4 wights (D:9)
  A troll zombie (D:10)
  25 killer bees
  4 howler monkeys
  10 electric eels
  2 quasits
  2 hounds
  27 jellies
  20 orc priests
  A wyvern simulacrum (D:8)
  7 iguanas
  An iron imp (Abyss:4)
  Jessica (D:3)
  A sleepcap (D:7)
  Natasha (twice) (D:4)
  23 orc wizards
  7 ogre zombies (D:10)
  4 gnolls (D:11)
  14 adders
  3 river rats
  A shadow imp (Abyss:4)
  9 white imps
  6 ufetubi
  A dart slug (D:3)
  3 ribbon worms
  62 orcs
  6 endoplasms
  4 giant cockroaches
  6 gnoll zombies (D:10)
  8 goblins
  7 hobgoblins
  11 jackals
  4 quokkas
  8 ball pythons
  6 bats
  3 frilled lizards
  4 gnoll skeletons (D:10)
  38 kobolds
  5 orc skeletons (D:10)
  10 orc zombies (D:10)
  6 rats
  A lurking horror (Abyss:4)
  3 spectral weapons
  22 starspawn tentacles
  11 tentacles
2539 creatures vanquished.

Vanquished Creatures (collateral kills)
  3 Orb Guardians (Zot:5)
  An angel (Depths:1)
  A river rat (Sewer)
5 creatures vanquished.

Vanquished Creatures (others)
  A ghost moth (Zot:1)
  A vampire knight (Depths:4)
  A red draconian (Depths:4)
  A merfolk impaler (Shoals:4)
  A great orb of eyes (Vaults:1)
  An ice dragon (D:15)
  A juggernaut simulacrum (Depths:4)
  A dancing weapon (Elf:1)
  A merfolk aquamancer (Shoals:1)
  An orb spider (Spider:2)
  A large abomination (Abyss:4)
  A deep elf pyromancer (Elf:1)
  A steelbarb worm (Spider:3)
  A harpy (Shoals:4)
  A sphinx simulacrum (Depths:4)
  3 fauns (Shoals:4)
  A moth of wrath (Zot:5)
  A water nymph (Shoals:4)
  A merfolk siren (Shoals:4)
  A torpor snail (Spider:2)
  6 merfolk (Shoals:4)
  A blink frog (Abyss:4)
  2 golden eyes (Abyss:4)
  A small abomination (Abyss:4)
  A jelly (Zot:1)
  A starcursed mass (Abyss:4)
  2 orcs (Orc:2)
  A lurking horror (Abyss:4)
  40 starspawn tentacles
  15 tentacles
92 creatures vanquished.

Grand Total: 2636 creatures vanquished

Notes
Turn   | Place    | Note
-------+----------+-------------------------------------------
     0 | D:1      | raph the Hill Orc Fighter began the quest for the Orb.
     0 | D:1      | Reached XP level 1. HP: 19/19 MP: 1/1
   232 | D:1      | Reached XP level 2. HP: 26/26 MP: 2/2
   784 | D:2      | Reached XP level 3. HP: 31/31 MP: 3/3
   966 | D:2      | Reached skill level 5 in Axes
  1064 | D:2      | Reached XP level 4. HP: 37/39 MP: 4/4
  1687 | D:3      | Noticed an ogre
  1876 | D:3      | Found Jetuhara's Weapon Shop.
  2034 | D:3      | Found a glowing drain.
  2067 | Sewer    | Entered a sewer
  2190 | Sewer    | Noticed a kobold brigand
  2199 | Sewer    | Reached XP level 5. HP: 15/45 MP: 5/5
  2205 | Sewer    | Killed a kobold brigand
  2470 | Sewer    | Reached XP level 6. HP: 51/51 MP: 6/6
  3612 | D:3      | Reached XP level 7. HP: 57/57 MP: 7/7
  3706 | D:3      | Noticed Jessica
  3714 | D:3      | Reached skill level 10 in Axes
  3715 | D:3      | Killed Jessica
  4173 | D:4      | Noticed Natasha
  4181 | D:4      | Killed Natasha
  4370 | D:4      | Found a staircase to the Ecumenical Temple.
  4377 | Temple   | Entered the Ecumenical Temple
  4409 | Temple   | Became a worshipper of Zin the Law-Giver
  4409 | Temple   | Reached * piety under Zin
  4579 | D:4      | Found Nosin's Magic Scroll Shoppe.
  4586 | D:4      | Bought a scroll of enchant weapon for 82 gold pieces
  4586 | D:4      | Bought a scroll of enchant armour for 82 gold pieces
  4586 | D:4      | Bought a scroll of identify for 22 gold pieces
  4586 | D:4      | Bought a scroll of identify for 22 gold pieces
  4590 | D:4      | Bought a scroll of identify for 22 gold pieces
  4766 | D:4      | Noticed Natasha
  4774 | D:4      | Killed Natasha
  4942 | D:5      | Entered Level 5 of the Dungeon
  5030 | D:5      | Reached skill level 4 in Fighting
  5030 | D:5      | Reached skill level 1 in Invocations
  5030 | D:5      | Reached XP level 8. HP: 54/66 MP: 8/8
  5042 | D:5      | Reached skill level 1 in Dodging
  5217 | D:5      | Noticed Menkaure
  5222 | D:5      | Killed Menkaure
  5530 | D:5      | Reached ** piety under Zin
  5726 | D:5      | Found a hazy altar of Hepliaklqana.
  5735 | D:5      | Found a bloodstained altar of Trog.
  5801 | D:6      | Reached skill level 5 in Fighting
  5943 | D:6      | Reached XP level 9. HP: 62/74 MP: 11/11
  6212 | D:7      | Found Jilong's Distillery.
  6219 | D:7      | Bought a potion of heal wounds for 65 gold pieces
  6220 | D:7      | Reached *** piety under Zin
  6301 | D:7      | Reached skill level 5 in Armour
  6941 | D:7      | Reached **** piety under Zin
  7222 | D:8      | Reached skill level 6 in Fighting
  7278 | D:8      | Reached skill level 5 in Invocations
  7819 | D:8      | Reached XP level 10. HP: 73/84 MP: 14/14
  8278 | D:8      | Reached skill level 7 in Fighting
  8532 | D:8      | Noticed Jeremiah
  8532 | D:8      | Noticed a two-headed ogre
  8549 | D:8      | Killed a two-headed ogre
  8561 | D:8      | Killed Jeremiah
  9003 | D:9      | Noticed Erica
  9012 | D:9      | Killed Erica
  9047 | D:9      | Reached skill level 15 in Axes
  9052 | D:9      | Reached XP level 11. HP: 74/94 MP: 16/16
  9186 | D:9      | Reached skill level 8 in Fighting
  9222 | D:9      | Noticed Maurice
  9246 | D:9      | Maurice stole a ring of positive energy
  9247 | D:9      | Maurice stole a +1 scimitar of flaming
  9263 | D:9      | Maurice stole 223 gold
  9264 | D:9      | Killed Maurice
  9533 | D:9      | Reached skill level 1 in Throwing
  9798 | D:10     | Entered Level 10 of the Dungeon
  9829 | D:10     | Noticed an orc knight
  9839 | D:10     | Noticed a two-headed ogre
  9863 | D:10     | Killed a two-headed ogre
  9865 | D:10     | Killed an orc knight
  9982 | D:10     | Found a staircase to the Orcish Mines.
 10003 | D:10     | Reached ***** piety under Zin
 10017 | D:10     | Reached skill level 5 in Dodging
 10423 | D:10     | Found Sommeor's Assorted Antiques.
 10431 | D:10     | Bought a scroll of enchant armour for 225 gold pieces
 10431 | D:10     | Bought a potion of curing for 90 gold pieces
 10680 | D:10     | Found Otatt's Weapon Boutique.
 10902 | D:10     | Reached skill level 9 in Fighting
 11116 | D:11     | Noticed a two-headed ogre
 11123 | D:11     | Killed a two-headed ogre
 11174 | D:11     | Found a staircase to the Lair.
 11192 | D:11     | Reached XP level 12. HP: 88/104 MP: 18/18
 11323 | D:11     | Noticed a boulder beetle
 11339 | D:11     | Killed a boulder beetle
 11457 | D:11     | Noticed a boulder beetle
 11479 | D:11     | Killed a boulder beetle
 11514 | D:11     | Found the brooch of Shielding {Spirit SH+8}
 11518 | D:11     | Noticed a two-headed ogre
 11536 | D:11     | Killed a two-headed ogre
 11537 | D:11     | Reached skill level 10 in Fighting
 11709 | D:11     | Got Sif Muna's Spellbook of the Volley
 11929 | D:11     | Reached skill level 5 in Shields
 12281 | D:11     | Reached skill level 10 in Invocations
 12384 | Lair:1   | Entered Level 1 of the Lair of Beasts
 12638 | D:4      | Bought a scroll of enchant armour for 82 gold pieces
 12894 | Lair:1   | Noticed Nergalle
 12995 | Lair:1   | Killed Nergalle
 13083 | Lair:1   | Identified the orb of Makhleb's Reproof {light, Slay+3}
 13799 | Lair:2   | Reached skill level 5 in Throwing
 13799 | Lair:2   | Reached XP level 13. HP: 114/114 MP: 20/20
 14148 | Lair:2   | Found a snail-covered altar of Cheibriados.
 14503 | Lair:2   | Found a staircase to the Shoals.
 14665 | Lair:2   | You fall into a shaft and drop 1 floor!
 14852 | Lair:3   | Reached skill level 11 in Fighting
 14891 | Lair:3   | Reached skill level 10 in Armour
 16054 | Lair:3   | Identified the +1 scale mail "Ryiloa" {+Inv rC+ SInv}
 16184 | Lair:3   | Found a hole to the Spider Nest.
 16243 | Lair:3   | Noticed Gastronok
 16263 | Lair:3   | Killed Gastronok
 16525 | Lair:4   | Reached XP level 14. HP: 124/124 MP: 22/22
 17495 | Lair:4   | Identified the +4 plate armour "Xuduoroloh" {+Blink rF+
                  | rCorr}
 18054 | Lair:4   | Found a staircase to the Slime Pits.
 18080 | Lair:4   | Noticed Sonja
 18094 | Lair:4   | Killed Sonja
 18169 | Lair:4   | Identified the +0 cloak "Xiboypew" {Rampage Will- MP+9}
 18447 | Lair:5   | Entered Level 5 of the Lair of Beasts
 18528 | Lair:5   | Reached skill level 1 in Evocations
 18687 | Lair:5   | Reached ****** piety under Zin
 18704 | Lair:5   | Reached skill level 12 in Fighting
 20167 | Orc:1    | Entered Level 1 of the Orcish Mines
 20293 | Orc:2    | Entered Level 2 of the Orcish Mines
 20293 | Orc:2    | Found a roughly hewn altar of Beogh.
 20316 | Orc:2    | Reached XP level 15. HP: 106/134 MP: 18/24
 20718 | Orc:2    | Found a staircase to the Elven Halls.
 20886 | Orc:2    | Reached skill level 13 in Fighting
 20891 | Orc:2    | Noticed an orc warlord
 20939 | Orc:2    | Killed an orc warlord
 21411 | Orc:2    | Found Tehasuok's Antique Armour Shoppe.
 21411 | Orc:2    | Found Buciegha's Antique Weapon Shoppe.
 21413 | Orc:2    | Found Oloagim's General Store.
 21413 | Orc:2    | Found Xamaez's Jewellery Emporium.
 21417 | Orc:2    | Bought a scroll of teleportation for 42 gold pieces
 21417 | Orc:2    | Bought a scroll of enchant armour for 105 gold pieces
 21961 | D:12     | Identified a scroll of acquirement
 21962 | D:12     | Acquired the +0 pair of fencer's gloves {Riposte Dex+3}
 21962 | D:12     | Found the +0 pair of fencer's gloves {Riposte Dex+3}
 22398 | D:12     | Found a portal to a secret trove of treasure.
 22514 | D:12     | Found Faroufru's General Store.
 22522 | D:12     | Bought 2 curare-tipped darts for 40 gold pieces
 23674 | D:13     | Noticed Jorgrun
 23707 | D:13     | Killed Jorgrun
 24104 | D:13     | Found a flickering gateway to a bazaar.
 24117 | Bazaar   | Entered a bazaar
 24117 | Bazaar   | Found Roiwk's General Store.
 24117 | Bazaar   | Found Bugaleit's Book Emporium.
 24412 | D:13     | Noticed Urug
 24422 | D:13     | Killed Urug
 24549 | D:14     | Reached skill level 14 in Fighting
 24587 | D:14     | Found a white marble altar of Elyvilon.
 24913 | D:14     | Found a gate to the Vaults.
 25236 | D:14     | Found an ornate altar of the Wu Jian Council.
 25237 | D:14     | Found a transporter.
 25271 | D:14     | Found a transporter.
 25476 | D:14     | Found a transporter.
 25477 | D:14     | Found an ornate altar of the Wu Jian Council.
 25477 | D:14     | Noticed a vault warden
 25639 | D:15     | Entered Level 15 of the Dungeon
 25646 | D:15     | Reached skill level 5 in Evocations
 25647 | D:15     | Reached XP level 16. HP: 147/147 MP: 25/25
 25969 | D:15     | Noticed Rupert
 25991 | D:15     | Killed Rupert
 26224 | D:15     | Noticed Roxanne
 26283 | D:15     | Killed Roxanne
 26584 | D:15     | Found a staircase to the Depths.
 27053 | Shoals:1 | Entered Level 1 of the Shoals
 27476 | Shoals:1 | Reached skill level 15 in Fighting
 28030 | Orc:1    | Found a roughly hewn altar of Beogh.
 28050 | Orc:1    | Found a bloodstained altar of Trog.
 28134 | Orc:1    | You are sucked into a shaft and drop 1 floor!
 28405 | Orc:2    | Bought a glowing broad axe for 224 gold pieces
 28405 | Orc:2    | Bought a runed war axe for 208 gold pieces
 29412 | Shoals:1 | Reached skill level 10 in Shields
 29929 | Shoals:1 | Noticed a kraken
 29948 | Shoals:1 | Noticed a kraken
 29969 | Shoals:1 | Killed a kraken
 30056 | Shoals:1 | Killed a kraken
 30732 | Shoals:2 | Found Hsisuahu's Humungous Hoard.
 30800 | Shoals:2 | Reached XP level 17. HP: 157/157 MP: 24/27
 30853 | Shoals:2 | Bought the +5 helmet "Iloon" {Dex+3 Slay+3} for 554 gold
                  | pieces
 31037 | Shoals:2 | Reached skill level 16 in Fighting
 31104 | Shoals:2 | Noticed a kraken
 31122 | Shoals:2 | Killed a kraken
 32106 | Shoals:3 | Noticed Polyphemus
 32124 | Shoals:3 | Killed Polyphemus
 32508 | Shoals:3 | Identified the +1 robe of the Wumpus {rPois Str+5 Dex-4}
 33445 | Shoals:3 | Noticed a titan
 33477 | Shoals:4 | Entered Level 4 of the Shoals
 33542 | Shoals:4 | Found a flickering gateway to a bazaar.
 33551 | Shoals:4 | Reached skill level 10 in Dodging
 33553 | Bazaar   | Entered a bazaar
 33553 | Bazaar   | Found Vygreuti's Antique Weapon Shop.
 33635 | Bazaar   | Found Holaptyb's Distillery.
 33643 | Bazaar   | Bought a potion of heal wounds for 65 gold pieces
 33655 | Bazaar   | Found Agrausm's Antique Armour Shop.
 33683 | Bazaar   | Bought a potion of curing for 39 gold pieces
 33683 | Bazaar   | Bought a potion of haste for 130 gold pieces
 33937 | Shoals:4 | Reached skill level 17 in Fighting
 33954 | Shoals:4 | Reached skill level 15 in Invocations
 34014 | Shoals:4 | Identified the ring of Symmetry {Will+ Dex+5}
 34296 | Shoals:4 | Reached XP level 18. HP: 169/169 MP: 29/29
 34672 | Shoals:4 | Got a barnacled rune of Zot
 34947 | Shoals:4 | Reached skill level 10 in Throwing
 34951 | Shoals:4 | Found the +7 sceptre of Torment {pain, torment}
 35158 | Spider:1 | Entered Level 1 of the Spider Nest
 35963 | Spider:2 | Got the Volume of Creeping Composition
 36709 | Spider:3 | Reached skill level 18 in Fighting
 37783 | Spider:4 | Entered Level 4 of the Spider Nest
 37916 | Spider:4 | Reached XP level 19. HP: 170/179 MP: 27/30
 38253 | Spider:4 | Noticed Bai Suzhen
 38986 | Spider:4 | Identified the +2 pair of gloves of Xom's Displeasure
                  | {rElec rN++}
 39022 | Spider:4 | Got a gossamer rune of Zot
 39623 | Vaults:1 | Entered Level 1 of the Vaults
 39695 | Vaults:1 | Noticed Boris
 39711 | Vaults:1 | Killed Boris
 39712 | Vaults:1 | Reached skill level 19 in Fighting
 39924 | Vaults:1 | Noticed Zenata
 39948 | Vaults:1 | Killed Zenata
 41417 | Vaults:2 | Reached XP level 20. HP: 191/191 MP: 32/32
 41592 | Vaults:2 | Reached skill level 15 in Armour
 41779 | Vaults:2 | Zin protects you from harm!
 42277 | Vaults:2 | Reached skill level 10 in Evocations
 43081 | Vaults:2 | Reached skill level 20 in Fighting
 44614 | Vaults:3 | Reached XP level 21. HP: 199/202 MP: 33/33
 45051 | Vaults:3 | Found a staircase to the Crypt.
 45141 | Vaults:4 | Noticed Boris
 45366 | Vaults:4 | Killed Boris
 46084 | Vaults:4 | Identified the ring "Kanli" {Str+5 Dex+6}
 46901 | Vaults:4 | Reached skill level 21 in Fighting
 47354 | D:12     | You paid a toll of 16 scrolls of teleportation to enter a
                  | treasure trove
 47355 | Trove    | Entered a treasure trove
 47382 | Trove    | Identified the +7 battleaxe "Toabbec" {freeze, *Noise rC+
                  | Str+3 Dex+3}
 47383 | Trove    | Identified the +7 battleaxe of Paper {freeze, Str+3}
 47410 | Trove    | Identified the amulet "Geatwaum" {Spirit Str+2 Int+4}
 47610 | Elf:1    | Entered Level 1 of the Elven Halls
 47888 | Elf:1    | Paralysed by an air elemental for 1 turns
 47950 | Elf:1    | Identified the serpent talisman of Uskayaw's Generosity
                  | {Will+}
 47950 | Elf:1    | Noticed Aizul
 47962 | Elf:1    | Killed Aizul
 48174 | Elf:1    | Paralysed by an air elemental for 1 turns
 48466 | Elf:1    | Noticed Agnes
 48473 | Elf:1    | Killed Agnes
 49169 | Elf:2    | Found Teargh's Magic Scroll Shoppe.
 49172 | Elf:2    | Bought a scroll of fear for 60 gold pieces
 49324 | Elf:2    | Found a runed translucent gate.
 49325 | Elf:2    | Found a runed translucent gate.
 49325 | Elf:2    | Found a runed translucent gate.
 49659 | Elf:2    | Noticed Louise
 49691 | Elf:2    | Killed Louise
 49828 | Elf:2    | Reached XP level 22. HP: 213/213 MP: 35/35
 50144 | Elf:3    | Entered Level 3 of the Elven Halls
 50259 | Elf:3    | Paralysed by an air elemental for 1 turns
 50262 | Elf:3    | Paralysed by an air elemental for 1 turns
 51294 | Elf:3    | Identified the ring of Light {Fly rN+ Int+3}
 51598 | Elf:3    | Identified the ring of Arrival {rF+ rCorr Str+3 Dex-4
                  | Slay+5}
 51624 | Abyss:2  | Cast into level 2 of the Abyss (a deep elf demonologist)
 51754 | Abyss:2  | Paralysed by accursed screaming for 1 turns
 51858 | Abyss:2  | Reached skill level 22 in Fighting
 51977 | Elf:3    | Escaped the Abyss
 51983 | Elf:3    | Identified the staff "Kaajism" {^Drain rPois rN+ Necro
                  | Earth Alchemy}
 51983 | Elf:3    | Identified the +7 short sword of Offence {freeze, Str+3
                  | Int+4}
 52088 | Elf:3    | Identified the +2 scale mail of Cocytus {-Cast rF++ rCorr
                  | Dex+4}
 52098 | Elf:3    | Identified the ring of Elitism {Fly rCorr MP+9 Str+3 Int+3}
 52604 | Elf:3    | Acquired a manual of Throwing
 52962 | Depths:1 | Entered Level 1 of the Depths
 53003 | Depths:1 | Found Ofelu's General Store.
 53010 | Depths:1 | Bought a scroll of blinking for 112 gold pieces
 53010 | Depths:1 | Bought a scroll of fear for 60 gold pieces
 53084 | Depths:1 | Found a gateway to Hell.
 53276 | Depths:1 | Reached skill level 15 in Shields
 53335 | Depths:1 | Found Jany's Weapon Shoppe.
 53763 | Depths:1 | Found Keanegom's Distillery.
 53766 | Depths:1 | Bought a potion of heal wounds for 100 gold pieces
 53803 | Depths:1 | Bought a potion of might for 80 gold pieces
 53863 | Depths:1 | Found Mamisan's Vocational Training.
 53871 | Depths:1 | Bought a manual of Evocations for 1520 gold pieces
 53871 | Depths:1 | Bought a manual of Invocations for 1520 gold pieces
 53931 | Depths:1 | Reached XP level 23. HP: 225/225 MP: 36/36
 54534 | Depths:2 | Found a one-way gate leading to the halls of Pandemonium.
 55358 | Depths:2 | Found an ancient bone altar of Kikubaaqudgha.
 55609 | Depths:2 | Noticed Boris
 55635 | Depths:2 | Killed Boris
 55636 | Depths:2 | Reached skill level 23 in Fighting
 57631 | Depths:2 | Identified the +5 short sword "Faghu" {distort, Fly rF+
                  | Str+3}
 57747 | Depths:3 | Noticed a golden dragon
 57766 | Depths:3 | Killed a golden dragon
 57989 | Depths:3 | Noticed Mennas
 58018 | Depths:3 | Killed Mennas
 58282 | Depths:3 | Noticed a golden dragon
 58289 | Depths:3 | Noticed a golden dragon
 58290 | Depths:3 | Killed a golden dragon
 58304 | Depths:3 | Killed a golden dragon
 58780 | Depths:3 | Found a one-way gate to the infinite horrors of the Abyss.
 58999 | Depths:3 | Identified the +6 trident of Rotation {flame, *Corrode
                  | rN++}
 59296 | Depths:4 | Entered Level 4 of the Depths
 59327 | Depths:4 | Identified the ring "Ginkuof" {Ice Slay+6}
 59327 | Depths:4 | Noticed Josephina
 59329 | Depths:4 | Reached XP level 24. HP: 168/236 MP: 27/37
 59806 | Depths:4 | Noticed lmSkywalker's ghost (adept DrSh)
 60190 | Depths:4 | Found a runed translucent door.
 60239 | Depths:4 | Killed Josephina
 60650 | Depths:4 | Found Omaizutz's Weapon Shoppe.
 60717 | Depths:4 | Found a one-way gateway to a ziggurat.
 60849 | Depths:4 | Identified the granite talisman of Lugonu's Delight {rF+
                  | rN+}
 61452 | Depths:4 | Found a gate to the Realm of Zot.
 62472 | Depths:4 | Killed lmSkywalker's ghost
 62594 | Depths:4 | Voluntarily entered the Abyss.
 62674 | Abyss:2  | Reached skill level 15 in Throwing
 62783 | Abyss:2  | Reached skill level 24 in Fighting
 63051 | Abyss:2  | Found a corrupted altar of Lugonu.
 63104 | Abyss:2  | Found a corrupted altar of Lugonu.
 63104 | Abyss:2  | Found a corrupted altar of Lugonu.
 63202 | Abyss:2  | Found a corrupted altar of Lugonu.
 63220 | Abyss:3  | Found a corrupted altar of Lugonu.
 63240 | Abyss:3  | Found a corrupted altar of Lugonu.
 63353 | Abyss:3  | Noticed a dread lich
 63366 | Abyss:3  | Killed a dread lich
 63960 | Abyss:4  | Reached XP level 25. HP: 141/247 MP: 37/37
 64172 | Depths:4 | Escaped the Abyss
 64503 | Depths:4 | Voluntarily entered the Abyss.
 64780 | Abyss:4  | Noticed an ancient lich
 64819 | Abyss:4  | Killed an ancient lich
 65375 | Abyss:4  | Noticed an ancient lich
 65377 | Abyss:4  | Reached skill level 25 in Fighting
 65387 | Abyss:4  | Killed an ancient lich
 65465 | Abyss:4  | Reached skill level 15 in Evocations
 65591 | Abyss:4  | Noticed a dread lich
 65609 | Depths:4 | Escaped the Abyss
 65617 | Depths:4 | Killed a dread lich
 66036 | Depths:4 | Voluntarily entered the Abyss.
 66076 | Abyss:4  | Found a corrupted altar of Lugonu.
 66116 | Abyss:4  | Found a corrupted altar of Lugonu.
 66116 | Abyss:4  | Found a corrupted altar of Lugonu.
 66121 | Abyss:4  | Got an abyssal rune of Zot
 66327 | Depths:4 | Escaped the Abyss
 66455 | Zot:1    | Entered Level 1 of the Realm of Zot
 67365 | Zot:1    | Reached XP level 26. HP: 171/259 MP: 27/38
 67860 | Zot:1    | Found a huge runed translucent gate.
 67860 | Zot:1    | Found a huge runed translucent gate.
 67860 | Zot:1    | Found a huge runed translucent gate.
 69157 | Zot:1    | You fall into a shaft and drop 1 floor!
 69161 | Zot:2    | Noticed a Killer Klown
 69177 | Zot:2    | Killed a Killer Klown
 69696 | Zot:1    | Found a huge runed translucent gate.
 69696 | Zot:1    | Found a huge runed translucent gate.
 69696 | Zot:1    | Found a huge runed translucent gate.
 69696 | Zot:1    | Found a huge runed translucent gate.
 69696 | Zot:1    | Found a huge runed translucent gate.
 69696 | Zot:1    | Found a huge runed translucent gate.
 69696 | Zot:1    | Found a huge runed translucent gate.
 69696 | Zot:1    | Found a huge runed translucent gate.
 69696 | Zot:1    | Found a huge runed translucent gate.
 69696 | Zot:1    | Found a huge runed translucent gate.
 69696 | Zot:1    | Found a huge runed translucent gate.
 69696 | Zot:1    | Found a huge runed translucent gate.
 69696 | Zot:1    | Found a huge runed translucent gate.
 69697 | Zot:1    | Found a huge runed translucent gate.
 69698 | Zot:1    | Found a huge runed translucent gate.
 69699 | Zot:1    | Found a huge runed translucent gate.
 69699 | Zot:1    | Found a huge runed translucent gate.
 69703 | Zot:1    | Found a huge runed translucent gate.
 69705 | Zot:1    | Found a huge runed translucent gate.
 69706 | Zot:1    | Found a huge runed translucent gate.
 69706 | Zot:1    | Found a huge runed translucent gate.
 69706 | Zot:1    | Found a huge runed translucent gate.
 69723 | Zot:1    | Found a huge runed translucent gate.
 69724 | Zot:1    | Found a huge runed translucent gate.
 69725 | Zot:1    | Found a huge runed translucent gate.
 69726 | Zot:1    | Found a huge runed translucent gate.
 69727 | Zot:1    | Found a huge runed translucent gate.
 69728 | Zot:1    | Found a huge runed translucent gate.
 69729 | Zot:1    | Found a huge runed translucent gate.
 69730 | Zot:1    | Found a huge runed translucent gate.
 69731 | Zot:1    | Found a huge runed translucent gate.
 69731 | Zot:1    | Found a huge runed translucent gate.
 69733 | Zot:1    | Found a huge runed translucent gate.
 70080 | Zot:1    | Noticed an ancient lich
 70080 | Zot:1    | Noticed an orb of fire
 70080 | Zot:1    | Noticed an ancient lich
 70081 | Zot:1    | Noticed a Killer Klown
 70082 | Zot:1    | Noticed a Killer Klown
 70082 | Zot:1    | Noticed an orb of fire
 70099 | Zot:1    | Killed an orb of fire
 70107 | Zot:1    | Killed an ancient lich
 70113 | Zot:1    | Killed an orb of fire
 70122 | Zot:1    | Killed an ancient lich
 70554 | Zot:1    | Killed a Killer Klown
 70570 | Zot:1    | Killed a Killer Klown
 70574 | Zot:1    | Reached skill level 26 in Fighting
 71703 | Zot:2    | Found a bloodstained altar of Trog.
 72672 | Zot:3    | Reached XP level 27. HP: 264/269 MP: 39/39
 74269 | Zot:3    | Reached skill level 15 in Dodging
 76093 | Zot:5    | Entered Level 5 of the Realm of Zot
 77364 | Zot:5    | Noticed an orb of fire
 77378 | Zot:4    | Killed an orb of fire
 77586 | Zot:5    | Noticed an ancient lich
 77597 | Zot:5    | Noticed an ancient lich
 77611 | Zot:5    | Killed an ancient lich
 77613 | Zot:5    | Killed an ancient lich
 77614 | Zot:5    | Reached skill level 27 in Fighting
 77764 | Zot:5    | Got the Orb of Zot
 77770 | Zot:5    | Noticed a dread lich
 77772 | Zot:5    | Noticed an orb of fire
 78517 | D:13     | Noticed Quat the pandemonium lord
 78892 | D:$      | Escaped with the Orb!

Illustrated notes

Levels and vault maps discovered:
D:1:      lemuel_arrival_hallway, layout_basic
D:2:      layout_basic
D:3:      layout_loops_ring, serial_shops, nicolae_shop_tiny_real_fake_doors,
          gup_sewer_entry_bowl, skrybe_limestone_x, kennysheep_another_room,
          minmay_misc_feat_rows, uniq_jessica
D:4:      layout_basic, temple_green, serial_shops,
          nicolae_shop_back_alley_shop, minmay_misc_feat_enclosed, uniq_natasha
D:5:      layout_basic, mainiacjoe_overflow_swirl, uniq_menkaure
D:6:      layout_cave_pools
D:7:      layout_cave_pods, serial_shops, shop, minivault_26,
          nicolae_figureground_sparkle
D:8:      layout_basic, serial_ice, serial_ice_g, serial_ice_j, serial_ice_o,
          serial_ice_m, serial_ice_f, hangedman_abyss_or_decor_passed,
          kennysheep_small_spiral, uniq_jeremiah
D:9:      layout_irregular_city, serial_column_ruins, column_ruins_hut,
          column_ruins_columns_straight, column_ruins_open_large,
          column_ruins_open_small_water, column_ruins_corridor_straight,
          column_ruins_corridor_corner, column_ruins_columns_T,
          column_ruins_open_small, uniq_erica, uniq_maurice
D:10:     layout_basic, zombieorc2_lemuel, serial_shops,
          nicolae_shop_real_fake_doors, serial_glass, glass_columns_c,
          glass_columns_b, glass_columns_b, glass_columns_a, glass_columns_c,
          glass_columns_a, glass_columns_a, glass_columns_a, glass_columns_b,
          glass_columns_a, kennysheep_cross_bottleneck, minivault_20,
          minmay_shop_grid_forest
D:11:     minmay_the_grid_four_pointed_star_mashed
          [minmay_the_grid_triangle_9x9_impossible_snake,
          minmay_the_grid_triangle_9x9_from_above,
          minmay_the_grid_triangle_9x9_odd_lines,
          minmay_the_grid_triangle_9x9_windchime,
          minmay_the_grid_prize_trominoes], layout_gridville,
          minmay_lair_entry_grove, amcnicky_mini_pool_medium
D:12:     layout_basic, enter_trove_1, serial_shops, shop, serial_bayou_lagoon_a
D:13:     layout_basic, serial_shops, bzr_entry_islet, uniq_urug, uniq_jorgrun
D:14:     dreamdust_wu_jian_sword_trials, layout_loops_cross, david_vaults_1,
          nicolae_twisting_strands, nicolae_elyvilon_peaceful_grove
D:15:     grunt_enter_depths_hoard, layout_irregular_city, uniq_roxanne,
          uniq_rupert
Temple:   mainiacjoe_temple_cubbyholes
Lair:1:   layout_long_grid, uniq_nergalle
Lair:2:   layout_cave_shapes, minmay_shoals_entry_hut,
          small_statue_intersection, kennysheep_snail_temple,
          serial_bayou_shore_b
Lair:3:   beast_lair_carwin_large_1, layout_chaotic_city, spider_nest_entry_a,
          minivault_25, uniq_gastronok
Lair:4:   layout_layer_cave, slime_entry_1, small_statue_intersection,
          chequers_serial_rivers_small_b, uniq_sonja
Lair:5:   hangedman_lair_tendril_chambers, layout_big_grid,
          chequers_serial_rivers_micro_c, infiniplex_staircase_pool_2
Shoals:1: cheibrodos_shoals_oceanic_diplomacy, layout_shoals,
          nzn_prometheus_bound
Shoals:2: layout_shoals, nicolae_alphabet_shops
Shoals:3: cheibrodos_shoals_gigantism, layout_shoals, uniq_polyphemus
Shoals:4: shoals_end_grunt_ice, layout_shoals, serial_shops, freezing_bzr
Spider:1: layout_spider_delve, special_room [special_room_bee]
Spider:2: layout_spider_delve
Spider:3: layout_spider_delve, hangedman_spider_tarantella_strand
Spider:4: floodkiller_spider_rune_tomb, guppyfry_spider_mini_2, uniq_bai_suzhen
Orc:1:    layout_diamond_mine, basic_altar, trog_butcher_becter
Orc:2:    st_orc_congregation, layout_diamond_mine, basic_altar
Elf:1:    eino_elf_arrival_the_gate, layout_loops_corners,
          hangedman_elven_crosses_minicolossus, corexii_leaking_fountain,
          drop_trap, uniq_aizul, uniq_agnes
Elf:2:    nicolae_elf_blades_crystal_corner, layout_geoelf_octagon,
          serial_shops, nicolae_shop_rolled_up, uniq_louise
Elf:3:    grunt_elf_hall_asides, layout_geoelf_grid
Vaults:1: v_misc_12, nicolae_vaults_little_ls, vaults_room_fours, v_misc_3,
          vaults_mumra_minichess_inversion, nicolae_vaults_bisected_exclaves,
          hangedman_vaults_variations, nicolae_vaults_apartment_1,
          layout_vaults_omnibox, uniq_boris, uniq_zenata
Vaults:2: nicolae_vaults_tangram_1, nicolae_vaults_shelves_hall,
          nicolae_vaults_puzzle_piece, nicolae_vaults_closet_pinwheel_3,
          v_misc_24, nicolae_vaults_windows_and_doors_thing, vaults_dpeg_doors,
          ontoclasm_vaults_bender, v_misc_31, grunt_vaults_diagonal,
          v_alt_pattern_1, v_misc_13, ontoclasm_vaults_fault,
          nicolae_vaults_wine_cellar, layout_vaults_big_cross
Vaults:3: vaults_dpeg_cross, v_misc_9, v_alt_pattern_2,
          nicolae_vaults_shrinking_rooms_2, nicolae_vaults_steering_wheel,
          nicolae_vaults_storage_closets_2, minmay_crypt_entry_nasty_monster,
          nicolae_vaults_trapezoid_3, nicolae_vaults_house_1,
          layout_vaults_chaotic_city
Vaults:4: vaults_dpeg_ring, nicolae_vaults_apartment_2, vaults_dpeg_spiral,
          vaults_mumra_chevron, nicolae_vaults_specimen_jars, v_misc_19,
          v_pattern_1, ontoclasm_vaults_gateway, nicolae_vaults_alarming,
          nicolae_vaults_network_s, nicolae_vaults_six-pack,
          nicolae_vaults_hallways_thing, v_misc_32, st_check,
          grunt_vaults_hallway_short, vaults_room_stairs_pillars,
          nicolae_vaults_yaktaur_gun_rack, layout_vaults_maze
Depths:1: layout_long_grid, serial_shops, shop, shop_fountains,
          nicolae_shop_behind_doors, nicolae_hell_entry_hellmouth_sunbeams,
          serial_bayou_pond_a, nicolae_shop_vocational
Depths:2: evilmike_negative_zone, layout_honeycomb, rand_demon_pan_entry_1,
          dk_noncrumbling_3, grunt_hell_entry_dis_mu,
          infiniplex_staircase_spiral
Depths:3: minmay_concentric_multi, layout_gridville, minmay_misc_feat_encased,
          hell_entry, abyss_entry, uniq_mennas
Depths:4: grunt_zot_entry_bicorn, layout_basic, enter_ziggurat_d, serial_shops,
          nicolae_shop_stone, hellmonk_ghost_big_iron,
          abyss_entry_small_statue_room, hell_entry, pan_entry,
          serial_bayou_shore_b, uniq_josephina
Zot:1:    lemuel_acid_trip, layout_onion_interference,
          regret_index_zotdec_serpentine_coiled, door_vault
Zot:2:    kennysheep_blocky_room, layout_onion_interference, basic_altar,
          grunt_megastairs_2
Zot:3:    layout_onion_interference, lemuel_elevator
Zot:4:    layout_basic, regret_index_zotdec_iron_s
Zot:5:    layout_gridlike

Skill      XL: |  1  2  3  4  5  6  7  8  9 10 11 12 13 14 15 16 17 18 19 20 21 22 23 24 25 26 27 |
---------------+----------------------------------------------------------------------------------+-----
Axes           | 3 4 5 6 8 9 11 12 13 15 16 17 18 19 20 21 22 | 22.0
Fighting       | 4 5 6 7 9 10 11 12 14 15 17 18 19 20 21 22 23 24 25 26 27 | 27.0
Invocations    | 1 3 5 7 8 10 11 12 13 14 15 16 17 18 19 20 21 22 24 | 24.9
Dodging        | 2 3 4 5 6 7 8 9 10 11 12 13 14 15 | 15.4
Armour         | 4 5 7 8 9 10 11 12 13 14 15 16 17 18 19 | 19.9
Throwing       | 3 5 6 7 8 9 10 11 12 13 14 15 16 17 | 17.9
Shields        | 5 6 8 9 10 11 12 13 14 15 16 17 18 | 18.4
Evocations     | 3 5 6 7 8 9 10 11 12 14 15 16 17 | 17.9

Action                     |  1- 3 |  4- 6 |  7- 9 | 10-12 | 13-15 | 16-18 | 19-21 | 22-24 | 25-27 || total
---------------------------+-------+-------+-------+-------+-------+-------+-------+-------+-------++-------
  Melee: War axe           |    78 |   181 |   270 |   202 |       |       |       |       |       ||   731
         Broad axe         |       |       |       |   507 |  1546 |  1093 |  1161 |  1455 |  1425 ||  7187
         Scimitar          |       |       |       |       |    20 |     8 |       |       |       ||    28
  Throw: Dart              |       |    15 |    11 |    33 |    25 |     2 |       |       |       ||    86
         Boomerang         |       |       |       |       |       |   104 |    44 |   126 |   148 ||   422
 Invoke: Recite            |       |       |     5 |    17 |    22 |    23 |    40 |    53 |    33 ||   193
         Vitalisation      |       |       |       |     5 |     8 |     8 |     7 |     6 |     8 ||    42
         Sanctuary         |       |       |       |       |       |       |       |       |     1 ||     1
Ability: Evoke Blink       |       |       |       |       |       |       |     2 |       |       ||     2
  Evoke: Wand              |       |       |       |     1 |     2 |       |       |       |     7 ||    10
         Tin of tremorston |       |       |       |       |       |       |       |     1 |       ||     1
    Use: Potion            |       |     1 |       |     4 |     3 |     2 |     2 |     2 |    18 ||    32
         Scroll            |       |     9 |    12 |     8 |     8 |    10 |     6 |     5 |    10 ||    68
   Stab: Distracted        |     1 |       |       |       |       |       |       |     4 |     3 ||     8
         Confused          |       |       |     1 |     7 |    23 |    31 |    79 |    41 |    29 ||   211
         Invisible         |       |       |       |     1 |    15 |       |       |     9 |     7 ||    32
         Paralysed         |       |       |       |       |    20 |     1 |     6 |    20 |     2 ||    49
 Armour: Scale mail        |     9 |       |       |       |       |       |       |       |       ||     9
         Plate armour      |    48 |   119 |   177 |   436 |   591 |   455 |   346 |   467 |   674 ||  3313
  Dodge: Dodged            |    46 |    95 |   118 |   264 |   415 |   305 |   267 |   434 |   628 ||  2572
  Block: Buckler           |    12 |    41 |    51 |    85 |       |       |       |       |       ||   189
         Kite shield       |       |       |       |   201 |  1514 |  1273 |  1133 |  1516 |  1625 ||  7262
Riposte: Broad axe         |       |       |       |       |    61 |   379 |   390 |   338 |   338 ||  1506
         Scimitar          |       |       |       |       |     9 |    12 |       |       |       ||    21
